Map: Deathaura LE

Players

Rail - Winner!

  • Race: Protoss Protoss
  • League: Master
  • Spawn Location: 5:00

SKillous

  • Race: Protoss Protoss
  • League: Grandmaster
  • Spawn Location: 11:00

Event: DreamHack SC2 Masters 2020 Winter

VOD

Have the link to the VOD?

Description

Time

  • Played on: Nov. 4, 2020, 11:56 a.m.
  • Length: 22:25

All games in this series

Show
View Real Time Build Order
Export as new Build Order

Rail Protoss - Winner!

Build Orders:  

Get SALT Encoding   

  12  0:00  Probe  
  13  0:12  Probe  
  14  0:17  Pylon  
  14  0:24  Probe (Chrono Boost)  
  15  0:37  Gateway, Probe (Chrono Boost)  
  16  0:43  Probe (Chrono Boost)  
  16  0:46  Assimilator  
  17  0:51  Probe  
  17  0:53  Assimilator  
  18  1:03  Probe (Chrono Boost)  
  19  1:08  Gateway  
  19  1:13  Probe (Chrono Boost)  
  19  1:18  Probe (Chrono Boost)  
  21  1:25  Cybernetics Core  
  21  1:29  Probe  
  22  1:33  Pylon  
  22  1:41  Probe  
  23  1:53  Probe  
  24  1:59  Warp Gate (Chrono Boost)  
  24  2:01  Stalker x2  
  24  2:05  Probe  
  29  2:11  Pylon  
  29  2:31  Stalker x2  
  33  2:49  Nexus  
  32  3:01  Stalker  
  32  3:04  Stalker  
  36  3:08  Probe  
  37  3:17  Pylon  
  37  3:20  Probe  
  38  3:28  Twilight Council  
  39  3:39  Pylon  
  39  3:41  Stalker  
  40  3:57  Probe  
  40  4:01  Stalker  
  43  4:07  Stalker, Probe  
  43  4:09  Probe  
  45  4:17  Blink  
  45  4:21  Probe  
  45  4:24  Probe (Chrono Boost)  
  43  4:33  Probe (Chrono Boost), Dark Shrine  
  45  4:38  Probe (Chrono Boost)  
  45  4:44  Probe (Chrono Boost)  
  46  4:46  Probe (Chrono Boost)  
  46  4:49  Probe (Chrono Boost)  
  46  4:51  Pylon  
  46  4:52  Probe (Chrono Boost)  
  48  4:59  Probe (Chrono Boost)  
  50  5:00  Sentry  
  50  5:04  Probe (Chrono Boost)  
  53  5:09  Sentry  
  53  5:11  Probe (Chrono Boost)  
  53  5:13  Probe (Chrono Boost)  
  57  5:18  Nexus  
  58  5:23  Gateway  
  57  5:31  Gateway  
  57  5:38  Probe  
  57  5:40  Assimilator  
  57  5:41  Stalker  
  57  5:42  Stalker  
  62  5:52  Probe  
  60  5:58  Pylon  
  60  6:00  Dark Templar  
  60  6:03  Probe  
  63  6:07  Dark Templar  
  61  6:12  Probe  
  61  6:15  Probe  
  61  6:24  Probe  
  58  6:27  Stalker x3, Probe  
  63  6:36  Probe  
  65  6:40  Stalker, Probe  
  61  6:49  Probe  
  61  6:52  Stalker x2  
  61  6:53  Probe  
  56  7:01  Probe  
  54  7:05  Probe  
  53  7:11  Stalker x2  
  53  7:13  Probe  
  58  7:17  Robotics Facility  
  58  7:19  Nexus  
  58  7:20  Stalker  
  60  7:23  Pylon  
  60  7:25  Probe  
  60  7:28  Stalker  
  63  7:31  Probe  
  63  7:33  Assimilator  
  63  7:36  Stalker  
  66  7:55  Gateway x2  
  66  7:57  Stalker, Sentry  
  70  8:05  Observer (Chrono Boost)  
  71  8:08  Pylon, Shield Battery  
  71  8:11  Pylon  
  71  8:16  Immortal (Chrono Boost)  
  73  8:41  Sentry  
  73  8:42  Stalker  
  73  8:45  Stalker, Immortal (Chrono Boost)  
  83  8:49  Stalker  
  83  8:51  Observer, Probe  
  86  8:55  Stalker  
  86  8:57  Pylon  
  88  9:06  Stalker x2  
  88  9:07  Zealot  
  88  9:08  Stalker  
  92  9:13  Stalker  
  94  9:20  Stalker  
  96  9:24  Stalker  
  96  9:29  Stalker  
  96  9:30  Probe  
  101  9:36  Stalker x2  
  101  9:37  Probe x2  
  107  9:42  Pylon  
  105  9:47  Probe (Chrono Boost)  
  105  9:50  Probe (Chrono Boost)  
  107  9:52  Observer  
  107  9:53  Probe (Chrono Boost)  
  107  9:58  Pylon  
  107  9:59  Probe (Chrono Boost)  
  109  10:00  Forge  
  109  10:03  Probe (Chrono Boost)  
  109  10:04  Assimilator, Probe (Chrono Boost)  
  109  10:06  Assimilator  
  111  10:09  Probe, Sentry  
  111  10:10  Probe, Sentry x2  
  111  10:14  Probe  
  120  10:17  Stalker  
  120  10:20  Observer  
  123  10:23  Pylon  
  123  10:26  Zealot x2  
  123  10:30  Probe  
  123  10:33  Zealot  
  124  10:37  Protoss Ground Weapons Level 1 (Chrono Boost)  
  124  10:38  Probe  
  125  10:46  Photon Cannon  
  125  10:50  Probe  
  125  10:51  Probe x2  
  125  10:53  Stalker  
  130  10:58  Stalker x2  
  130  11:01  Immortal  
  138  11:08  Probe  
  138  11:11  Pylon  
  139  11:14  Pylon, Probe  
  139  11:16  Photon Cannon  
  137  11:33  Stalker  
  137  11:34  Probe x2  
  137  11:39  Robotics Bay  
  141  11:41  Immortal  
  141  11:43  Photon Cannon, Robotics Facility  
  141  11:44  Observer  
  141  11:46  Pylon  
  145  11:52  Probe  
  146  11:54  Dark Templar  
  146  11:59  Probe  
  146  12:00  Pylon  
  149  12:01  Charge  
  149  12:09  Nexus  
  149  12:15  Photon Cannon  
  149  12:20  Dark Templar  
  149  12:21  Zealot  
  149  12:22  Zealot  
  155  12:28  Protoss Ground Weapons Level 2 (Chrono Boost)  
  144  12:40  Probe x2  
  141  12:44  Disruptor x2 (Chrono Boost)  
  141  12:49  Photon Cannon  
  141  12:50  Probe  
  148  12:54  Probe x2  
  148  12:55  Pylon  
  150  13:01  Gravitic Boosters  
  150  13:05  Nexus  
  150  13:06  Pylon  
  150  13:14  Probe  
  150  13:15  Probe  
  150  13:16  Probe  
  150  13:17  Disruptor x2 (Chrono Boost)  
  159  13:23  Pylon  
  159  13:27  Photon Cannon  
  159  13:30  Shield Battery  
  159  13:31  Probe x2  
  145  13:43  Stalker, Zealot x2  
  145  13:45  Zealot x2  
  145  13:46  Observer  
  144  13:52  Stalker  
  113  14:04  Stalker x2  
  113  14:07  Stalker x2  
  105  14:10  Dark Templar  
  93  14:19  Stalker  
  93  14:21  Probe  
  93  14:22  Disruptor (Chrono Boost)  
  93  14:23  Probe x2  
  101  14:31  Probe  
  100  14:33  Probe  
  100  14:36  Probe x2  
  99  14:40  Stalker x3, Sentry  
  99  14:43  Stalker, Probe, Sentry  
  99  14:45  Protoss Ground Weapons Level 3 (Chrono Boost), Probe  
  113  14:52  Assimilator  
  113  14:54  Assimilator  
  113  14:55  Disruptor (Chrono Boost), Observer (Chrono Boost)  
  117  15:05  Probe x2  
  117  15:06  Pylon, Probe  
  120  15:10  Stalker, Sentry  
  120  15:11  Stalker, Sentry  
  120  15:12  Sentry  
  127  15:25  Sentry  
  127  15:26  Disruptor  
  126  15:33  Stalker x2, Observer  
  126  15:34  Stalker  
  129  15:40  Stalker x2  
  133  15:49  Disruptor  
  133  15:53  Stalker  
  133  15:55  Disruptor  
  134  15:59  Stalker  
  134  16:00  Stalker x2  
  142  16:04  Photon Cannon  
  142  16:07  Stalker, Sentry  
  142  16:09  Shield Battery  
  142  16:10  Photon Cannon  
  146  16:14  Observer  
  146  16:19  Sentry  
  146  16:23  Observer (Chrono Boost)  
  149  16:26  Stalker  
  149  16:27  Stalker x2  
  149  16:29  Disruptor (Chrono Boost)  
  149  16:32  Stalker  
  158  16:33  Stalker  
  158  16:39  Gateway  
  160  16:42  Gateway  
  160  16:48  Stalker  
  156  17:00  Stalker x3  
  152  17:06  Stalker x2  
  152  17:07  Disruptor x2 (Chrono Boost)  
  162  17:16  Stalker  
  162  17:17  Observer  
  164  17:24  Photon Cannon, Stalker  
  164  17:25  Zealot x2  
  170  17:30  Pylon  
  170  17:31  Observer (Chrono Boost)  
  170  17:35  Stalker, Zealot x2  
  177  17:42  Stalker x2  
  177  17:43  Observer  
  182  17:47  Stalker x2  
  179  18:01  Stalker  
  179  18:02  Stalker x3  
  186  18:09  Stalker x2  
  186  18:12  Stalker, Dark Templar  
  194  18:18  Warp Prism  
  196  18:32  Pylon  
  194  18:35  Stalker x3  
  200  18:42  Nexus  
  193  19:06  Nexus  
  169  19:14  Stalker x2  
  169  19:15  Stalker x5  
  169  19:16  Disruptor (Chrono Boost), Zealot  
  158  19:31  Disruptor (Chrono Boost)  
  161  19:38  Stalker  
  161  19:39  Stalker, Zealot  
  161  19:40  Zealot x5  
  177  19:50  Observer (Chrono Boost)  
  176  19:54  Nexus  
  168  20:03  Stalker, Zealot x3  
  168  20:05  Stalker x2, Sentry  
  180  20:11  Sentry  
  182  20:18  Observer  
  179  20:26  Observer  
  175  20:32  Stalker x4  
  181  20:49  Disruptor  
  178  20:55  Sentry  
  178  20:56  Stalker x6, Disruptor  
  154  21:06  Stalker  
  156  21:11  Pylon  
  156  21:16  Sentry x2  
  160  21:21  Stalker x2  
  160  21:22  Stalker  
  160  21:24  Disruptor  
  161  21:34  Disruptor  
  161  21:39  Stalker, Sentry  
  168  21:40  Stalker  
  170  21:51  Zealot x3  
  176  21:56  Observer x2  
  162  22:13  Stalker, Zealot x3  
Show
View Real Time Build Order
Export as new Build Order

SKillous Protoss 

Build Orders:  

Get SALT Encoding   

  12  0:00  Probe  
  13  0:12  Probe  
  14  0:17  Pylon  
  14  0:24  Probe  
  15  0:36  Gateway  
  15  0:37  Probe (Chrono Boost)  
  16  0:46  Assimilator  
  16  0:47  Probe (Chrono Boost)  
  17  0:52  Probe (Chrono Boost)  
  17  0:55  Assimilator  
  18  1:03  Probe (Chrono Boost)  
  19  1:08  Gateway  
  19  1:12  Probe (Chrono Boost)  
  19  1:18  Probe  
  20  1:25  Cybernetics Core  
  21  1:30  Probe  
  22  1:35  Pylon  
  22  1:42  Probe  
  23  1:54  Probe  
  24  2:02  Stalker x2, Warp Gate  
  28  2:11  Pylon  
  28  2:32  Stalker x2  
  32  2:51  Nexus  
  32  2:54  Probe  
  33  3:06  Probe, Sentry x2  
  33  3:09  Pylon  
  38  3:19  Robotics Facility  
  38  3:21  Probe  
  39  3:28  Shield Battery  
  39  3:34  Probe  
  40  3:46  Probe  
  41  3:54  Stalker x2  
  45  3:58  Probe  
  45  4:03  Probe  
  45  4:06  Immortal (Chrono Boost)  
  50  4:16  Probe (Chrono Boost)  
  49  4:20  Probe (Chrono Boost)  
  48  4:28  Probe (Chrono Boost)  
  48  4:31  Probe (Chrono Boost)  
  48  4:33  Probe (Chrono Boost)  
  48  4:34  Pylon  
  48  4:38  Sentry  
  51  4:42  Warp Prism  
  53  4:46  Probe  
  53  4:52  Probe  
  55  4:54  Stalker  
  55  4:56  Pylon  
  55  4:58  Probe  
  58  5:06  Forge, Stalker  
  60  5:10  Probe  
  60  5:11  Probe  
  62  5:16  Assimilator  
  62  5:18  Observer (Chrono Boost)  
  62  5:19  Stalker  
  65  5:22  Probe  
  65  5:26  Pylon  
  65  5:28  Probe  
  67  5:35  Protoss Ground Weapons Level 1 (Chrono Boost)  
  67  5:39  Observer (Chrono Boost)  
  67  5:41  Probe  
  69  5:42  Photon Cannon  
  69  5:50  Stalker  
  69  5:51  Stalker  
  69  5:52  Probe  
  69  5:53  Photon Cannon  
  69  5:54  Observer  
  75  6:02  Pylon  
  75  6:03  Assimilator, Pylon  
  75  6:18  Adept  
  73  6:28  Stalker  
  73  6:29  Immortal (Chrono Boost)  
  73  6:32  Gateway  
  79  6:35  Gateway, Twilight Council  
  79  6:38  Probe  
  66  6:55  Stalker x2, Probe x2  
  66  6:57  Observer  
  62  7:05  Observer  
  62  7:06  Immortal (Chrono Boost)  
  62  7:07  Blink (Chrono Boost)  
  62  7:17  Shield Battery  
  62  7:19  Gateway  
  62  7:21  Gateway  
  62  7:22  Stalker  
  64  7:23  Sentry  
  64  7:29  Stalker  
  68  7:31  Stalker  
  70  7:38  Warp Prism (Chrono Boost)  
  70  7:40  Observer, Protoss Ground Weapons Level 2 (Chrono Boost)  
  72  7:50  Stalker  
  74  7:54  Stalker  
  76  7:59  Stalker  
  76  8:03  Stalker  
  80  8:14  Nexus  
  80  8:16  Pylon  
  80  8:24  Stalker x2  
  80  8:25  Stalker  
  86  8:37  Pylon  
  86  8:45  Sentry x2  
  86  8:46  Stalker  
  86  8:48  Stalker  
  93  8:49  Stalker  
  93  8:53  Photon Cannon  
  95  9:08  Probe x2  
  95  9:09  Stalker x2  
  99  9:12  Stalker  
  101  9:20  Probe x2  
  101  9:21  Shield Battery  
  101  9:22  Charge (Chrono Boost)  
  103  9:26  Probe  
  104  9:32  Stalker, Probe  
  104  9:35  Stalker  
  104  9:36  Observer  
  104  9:37  Sentry  
  111  9:40  Stalker  
  113  9:47  Stalker x2  
  117  9:57  Gateway x2  
  117  10:00  Protoss Ground Weapons Level 3 (Chrono Boost)  
  117  10:04  Zealot x3  
  117  10:05  Zealot  
  125  10:09  Pylon  
  125  10:28  Zealot x5  
  133  10:29  Pylon  
  131  10:41  Nexus  
  125  10:44  Pylon  
  125  10:49  Probe  
  127  10:50  Probe x2  
  127  10:52  Stalker  
  130  10:59  Zealot x3  
  130  11:02  Probe, Dark Shrine  
  137  11:06  Stalker  
  139  11:14  Photon Cannon  
  139  11:15  Stalker  
  139  11:16  Shield Battery  
  141  11:33  Stalker x4  
  141  11:34  Stalker x2  
  141  11:39  Probe  
  146  11:45  Stalker  
  148  11:49  Pylon  
  148  11:56  Pylon  
  148  12:06  Pylon  
  148  12:10  Gateway  
  148  12:12  Gateway  
  148  12:17  Dark Templar x4, Protoss Shields Level 1 (Chrono Boost)  
  148  12:18  Zealot x4  
  148  12:21  Observer  
  147  12:42  Warp Prism (Chrono Boost)  
  147  12:48  Stalker x4  
  147  12:49  Stalker x4  
  147  12:51  Probe  
  164  12:53  Probe  
  164  12:57  Probe  
  167  13:01  Assimilator  
  166  13:06  Assimilator  
  166  13:08  Stalker x2  
  166  13:12  Probe x3  
  173  13:13  Observer (Chrono Boost), Probe  
  175  13:24  Probe  
  176  13:27  Stalker x5  
  176  13:28  Stalker  
  166  13:57  Protoss Shields Level 2 (Chrono Boost)  
  166  14:02  Zealot x7  
  126  14:03  Zealot x3  
  114  14:10  Warp Prism (Chrono Boost)  
  114  14:15  Observer  
  106  14:24  Stalker x8  
  106  14:25  Stalker  
  106  14:27  Probe  
  112  14:45  Nexus, Observer (Chrono Boost)  
  113  14:47  Shadow Stride, Pylon  
  113  14:55  Stalker x4  
  113  14:56  Stalker  
  123  15:01  Stalker  
  123  15:04  Stalker  
  127  15:11  Probe x2  
  127  15:13  Photon Cannon  
  129  15:21  Stalker x3  
  123  15:35  Stalker x4  
  123  15:36  Stalker x3  
  123  15:38  Warp Prism (Chrono Boost)  
  123  15:40  Assimilator x2  
  139  15:47  Shield Battery  
  131  16:00  Zealot x3  
  131  16:01  Zealot x4  
  137  16:05  Stalker  
  137  16:06  Probe (Chrono Boost)  
  137  16:08  Probe (Chrono Boost)  
  137  16:10  Probe (Chrono Boost)  
  144  16:14  Probe (Chrono Boost)  
  144  16:15  Probe (Chrono Boost)  
  144  16:30  Dark Templar x7  
  156  16:33  Protoss Ground Armor Level 1 (Chrono Boost)  
  156  16:37  Stalker  
  156  16:38  Stalker x2  
  162  16:42  Pylon  
  162  16:49  Nexus  
  144  16:57  Observer  
  132  17:03  Stalker x5  
  132  17:04  Stalker  
  132  17:08  Stalker  
  142  17:09  Stalker  
  144  17:19  Shield Battery  
  144  17:20  Pylon  
  144  17:22  Stalker x2  
  146  17:25  Probe x3  
  146  17:26  Probe  
  152  17:34  Zealot x6  
  160  17:41  Zealot x2  
  164  17:45  Zealot x2  
  164  17:48  Warp Prism  
  154  18:10  Stalker x8  
  170  18:13  Stargate  
  164  18:20  Observer  
  162  18:28  Dark Templar x2  
  162  18:32  Observer  
  166  18:34  Dark Templar x5, Protoss Ground Armor Level 2 (Chrono Boost)  
  166  18:36  Zealot x3  
  179  18:49  Observer  
  180  18:57  Zealot x3  
  184  19:05  Zealot x2  
  184  19:09  Zealot x5  
  154  19:12  Observer  
  125  19:30  Observer  
  100  19:32  Stalker x10  
  112  19:55  Stalker x4  
  112  19:56  Stalker x5  
  128  20:05  Stalker  
  123  20:17  Zealot  
  123  20:18  Zealot x3  
  123  20:19  Nexus, Pylon, Zealot x5  
  136  20:33  Stalker  
  134  20:41  Zealot x8  
  146  20:51  Zealot  
  146  20:55  Observer (Chrono Boost)  
  137  21:00  Dark Templar x3  
  130  21:06  Stalker x2  
  130  21:11  Unknown  
  124  21:14  Unknown  
  124  21:16  Stalker  
  124  21:17  Zealot x2  
  127  21:28  Zealot x2  
  127  21:30  Zealot  
  128  21:49  Stalker x2  
  128  21:51  Stalker  
  131  22:05  Zealot x4  
  108  22:11  Zealot  
  108  22:13  Zealot  
  78  22:19  Zealot  
Tags
 
Add a new tag
Caveats
  • Supply blocks, unpowered buildings, or Contaminate may cause inaccurate times.
  • Supply counts are checked every 10 seconds.